TOP OF THE 1ST |
Victoria Capitals batting - Pitching for Palm Beach Nationals : LHP Johnny Busse
|
Pitching: LHP Johnny Busse
|
|
Batting: RHB Heihachiro Fujita
|
0-0: Called Strike 0-1: Fly out, F9 (Line Drive, 9, EV 95.6 MPH)
|
Batting: RHB Tomokazu Sugimoto
|
0-0: Ball 1-0: Foul Ball, location: 2F 1-1: Ball 2-1: Ball 3-1: Foul Ball, location: 2F 3-2: Foul Ball, location: 2F 3-2: Base on Balls
|
Batting: SHB Carlos Luna
|
0-0: Ball 1-0: Ball 2-0: Ball Wild Pitch! Tomokazu Sugimoto to second 3-0: Called Strike 3-1: Fly out, F9 (Flyball, 9LS, EV 83.8 MPH)
|
Batting: RHB Nick Edmunds
|
0-0: Ball 1-0: Called Strike 1-1: Ball 2-1: Ball 3-1: Base on Balls
|
Batting: LHB Taki Matsui
|
0-0: Called Strike 0-1: Ball 1-1: Fielders Choice at 2nd, 6-4 (Groundball, 6, EV 85.0 MPH)
|
Top of the 1st over - 0 runs, 0 hits, 0 errors, 2 left on base; Victoria 0 - Palm Beach 0 |
BOTTOM OF THE 1ST |
Palm Beach Nationals batting - Pitching for Victoria Capitals : RHP Marty Maginnis
|
Pitching: RHP Marty Maginnis
|
|
Batting: RHB Bobby Bricker
|
0-0: Called Strike 0-1: Ball 1-1: Foul Ball, location: 2F 1-2: SOLO HOME RUN (Flyball, 9D, EV 96.9 MPH), Distance : 381 ft
|
Batting: RHB Victor Cintron
|
0-0: Ball 1-0: Foul Ball, location: 2F 1-1: Fly out, F7 (Flyball, 7, EV 80.6 MPH)
|
Batting: RHB Steve Bauman
|
0-0: Ball 1-0: Ball 2-0: Ground out 4-3 (Groundball, 34, EV 88.1 MPH)
|
Batting: RHB Gabe Almazan
|
0-0: Ball 1-0: SINGLE (Groundball, 56D, EV 95.0 MPH)
|
Batting: RHB Lamar Thornton
|
0-0: Ball 1-0: Swinging Strike 1-1: Fly out, F4 (Flyball, 4D, EV 81.2 MPH)
|
Bottom of the 1st over - 1 run, 2 hits, 0 errors, 1 left on base; Victoria 0 - Palm Beach 1 |
TOP OF THE 2ND |
Victoria Capitals batting - Pitching for Palm Beach Nationals : LHP Johnny Busse
|
Batting: RHB Jesus Santiago
|
0-0: Called Strike 0-1: Ball 1-1: Ball 2-1: Foul Ball, location: 2F 2-2: Foul Ball, location: 2F 2-2: Ground out 6-3 (Groundball, 6, EV 85.0 MPH)
|
Batting: RHB Jung-wan Aan
|
0-0: Called Strike 0-1: Ball 1-1: Ball 2-1: Fly out, F8 (Flyball, 8LS, EV 80.0 MPH)
|
Batting: SHB Ray Skogen
|
0-0: Ball 1-0: Called Strike 1-1: Ball 2-1: SINGLE (Line Drive, 7LS, EV 106.2 MPH)
|
Batting: RHB David Greene
|
0-0: Called Strike 0-1: Foul Ball, location: 2F 0-2: Ball Ray Skogen is caught stealing 2nd base 2-4
|
Top of the 2nd over - 0 runs, 1 hit, 0 errors, 0 left on base; Victoria 0 - Palm Beach 1 |
BOTTOM OF THE 2ND |
Palm Beach Nationals batting - Pitching for Victoria Capitals : RHP Marty Maginnis
|
Batting: RHB Antonio Vallez
|
0-0: Ball 1-0: Ball 2-0: Ball 3-0: Base on Balls
|
Batting: RHB Justin Davenport
|
0-0: Swinging Strike 0-1: Foul Ball, location: 2F 0-2: Strikes out swinging
|
Batting: RHB Jelexiz Cuenca
|
0-0: SINGLE (Groundball, 6D, EV 94.4 MPH) Antonio Vallez to second
|
Batting: RHB Dave Burwell
|
0-0: Called Strike 0-1: Fly out, F7 (Flyball, 7LD, EV 82.5 MPH) Runner from 2nd tags up, SAFE at 3rd, no throw by LF
|
Batting: RHB Bobby Bricker
|
0-0: Ball 1-0: Ball 2-0: Foul Ball, location: 2F 2-1: Foul Ball, location: 2F 2-2: Foul Ball, location: 2F 2-2: Fly out, F6 (Line Drive, 6, EV 63.1 MPH)
|
Bottom of the 2nd over - 0 runs, 1 hit, 0 errors, 2 left on base; Victoria 0 - Palm Beach 1 |
TOP OF THE 3RD |
Victoria Capitals batting - Pitching for Palm Beach Nationals : LHP Johnny Busse
|
Batting: RHB David Greene
|
0-0: Called Strike 0-1: Swinging Strike 0-2: Foul Ball, location: 2F 0-2: Strikes out swinging
|
Batting: RHB Heihachiro Fujita
|
0-0: Foul Ball, location: 2F 0-1: Foul Ball, location: 2F 0-2: Ball 1-2: Foul Ball, location: 2F 1-2: Foul Ball, location: 2F 1-2: Ball 2-2: Foul Ball, location: 2F 2-2: Ball 3-2: Foul Ball, location: 2F 3-2: SINGLE (Line Drive, 8LS, EV 100.6 MPH)
|
Batting: RHB Tomokazu Sugimoto
|
0-0: Called Strike Heihachiro Fujita steals 2nd base 0-1: Foul Ball, location: 2F 0-2: Ball 1-2: Ball Wild Pitch! Heihachiro Fujita to third 2-2: Ball 3-2: Ground out 4-3 (Groundball, 4, EV 103.8 MPH) Heihachiro Fujita scores
|
Batting: SHB Carlos Luna
|
0-0: Ball 1-0: Ground out 6-3 (Groundball, 6, EV 93.8 MPH)
|
Top of the 3rd over - 1 run, 1 hit, 0 errors, 0 left on base; Victoria 1 - Palm Beach 1 |
BOTTOM OF THE 3RD |
Palm Beach Nationals batting - Pitching for Victoria Capitals : RHP Marty Maginnis
|
Batting: RHB Victor Cintron
|
0-0: Ball 1-0: SOLO HOME RUN (Flyball, 7LD, EV 96.9 MPH), Distance : 372 ft
|
Batting: RHB Steve Bauman
|
0-0: Ball 1-0: Ball 2-0: Ball 3-0: Base on Balls
|
Batting: RHB Gabe Almazan
|
0-0: Called Strike 0-1: Ball 1-1: Swinging Strike 1-2: Foul Ball, location: 2F 1-2: Ball 2-2: Ball 3-2: Foul Ball, location: 2F 3-2: Fly out, F4 (Popup, 3D, EV 53.1 MPH)
|
Batting: RHB Lamar Thornton
|
0-0: Ball 1-0: SINGLE (Groundball, 6MD, EV 97.5 MPH) Steve Bauman to second
|
Batting: RHB Antonio Vallez
|
0-0: Called Strike 0-1: Called Strike 0-2: Ball 1-2: 3-RUN HOME RUN (Flyball, 89XD, EV 101.2 MPH), Distance : 417 ft
|
Batting: RHB Justin Davenport
|
0-0: Foul Ball, location: 2F 0-1: Called Strike 0-2: Strikes out swinging
|
Batting: RHB Jelexiz Cuenca
|
0-0: Ball 1-0: Called Strike 1-1: Swinging Strike 1-2: Ball 2-2: Ball 3-2: Strikes out swinging
|
Bottom of the 3rd over - 4 runs, 3 hits, 0 errors, 0 left on base; Victoria 1 - Palm Beach 5 |
TOP OF THE 4TH |
Victoria Capitals batting - Pitching for Palm Beach Nationals : LHP Johnny Busse
|
Batting: RHB Nick Edmunds
|
0-0: Ball 1-0: Ball 2-0: Called Strike 2-1: Ball 3-1: Base on Balls
|
Batting: LHB Taki Matsui
|
0-0: Ball 1-0: Called Strike 1-1: Ball 2-1: Foul Ball, location: 2F 2-2: Ball 3-2: Fly out, F8 (Flyball, 8RS, EV 90.0 MPH)
|
Batting: RHB Jesus Santiago
|
0-0: Foul Ball, location: 2F 0-1: Called Strike 0-2: Foul Ball, location: 2F 0-2: Ball 1-2: Strikes out swinging
|
Batting: RHB Jung-wan Aan
|
0-0: Foul Ball, location: 2F 0-1: Called Strike 0-2: Ball 1-2: Ball Nick Edmunds is caught stealing 2nd base 2-4
|
Top of the 4th over - 0 runs, 0 hits, 0 errors, 0 left on base; Victoria 1 - Palm Beach 5 |
BOTTOM OF THE 4TH |
Palm Beach Nationals batting - Pitching for Victoria Capitals : RHP Marty Maginnis
|
Batting: RHB Dave Burwell
|
0-0: Foul Ball, location: 2F 0-1: Foul Ball, location: 2F 0-2: Foul Ball, location: 2F 0-2: Foul Ball, location: 2F 0-2: Ground out 4-3 (Groundball, 4MD, EV 107.5 MPH)
|
Batting: RHB Bobby Bricker
|
0-0: Foul Ball, location: 2F 0-1: Foul Ball, location: 2F 0-2: SINGLE (Groundball, 56D, EV 111.9 MPH)
|
Batting: RHB Victor Cintron
|
0-0: Ball 1-0: Foul Ball, location: 2F 1-1: Fielders Choice at 2nd, 1-4 (Groundball, 15S, EV 62.5 MPH)
|
Batting: RHB Steve Bauman
|
0-0: Called Strike Victor Cintron is caught stealing 2nd base 2-4
|
Bottom of the 4th over - 0 runs, 1 hit, 0 errors, 0 left on base; Victoria 1 - Palm Beach 5 |
TOP OF THE 5TH |
Victoria Capitals batting - Pitching for Palm Beach Nationals : LHP Johnny Busse
|
Batting: RHB Jung-wan Aan
|
0-0: Foul Ball, location: 2F 0-1: Ground out 5-3 (Groundball, 15, EV 89.4 MPH)
|
Batting: SHB Ray Skogen
|
0-0: Swinging Strike 0-1: Ball 1-1: Ground out 5-3 (Groundball, 5, EV 83.1 MPH)
|
Batting: RHB David Greene
|
0-0: Ball 1-0: Ground out 6-3 (Groundball, 6S, EV 66.2 MPH)
|
Top of the 5th over - 0 runs, 0 hits, 0 errors, 0 left on base; Victoria 1 - Palm Beach 5 |
BOTTOM OF THE 5TH |
Palm Beach Nationals batting - Pitching for Victoria Capitals : RHP Marty Maginnis
|
Batting: RHB Steve Bauman
|
0-0: Ball 1-0: Ball 2-0: Ball 3-0: Called Strike 3-1: Ground out U3 (Groundball, 3, EV 103.1 MPH)
|
Pitching: RHP Frank Cabrera
|
|
Batting: RHB Gabe Almazan
|
0-0: Ground out 6-3 (Groundball, P, EV 88.1 MPH)
|
Batting: RHB Lamar Thornton
|
0-0: Ball 1-0: DOUBLE (Line Drive, 78XD, EV 104.4 MPH)
|
Batting: RHB Antonio Vallez
|
0-0: Ball 1-0: Ball 2-0: Called Strike 2-1: Fly out, F7 (Flyball, 7, EV 93.8 MPH)
|
Bottom of the 5th over - 0 runs, 1 hit, 0 errors, 1 left on base; Victoria 1 - Palm Beach 5 |
TOP OF THE 6TH |
Victoria Capitals batting - Pitching for Palm Beach Nationals : LHP Johnny Busse
|
Batting: RHB Heihachiro Fujita
|
0-0: Ball 1-0: Ball 2-0: Ball 3-0: Base on Balls
|
Batting: RHB Tomokazu Sugimoto
|
0-0: Ball 1-0: Ball 2-0: Ball Balk! Heihachiro Fujita to second 3-0: Base on Balls
|
Batting: SHB Carlos Luna
|
0-0: Ball 1-0: Called Strike 1-1: Foul Ball, location: 2F 1-2: Strikes out swinging
|
Batting: RHB Nick Edmunds
|
0-0: 3-RUN HOME RUN (Flyball, 7LD, EV 98.1 MPH), Distance : 373 ft
|
Batting: LHB Taki Matsui
|
0-0: Ball 1-0: Ball 2-0: Ball 3-0: Base on Balls
|
Batting: RHB Jesus Santiago
|
0-0: Swinging Strike 0-1: Foul Ball, location: 2F 0-2: Foul Ball, location: 2F 0-2: Fly out, F7 (Flyball, 7LM, EV 88.8 MPH)
|
Batting: RHB Jung-wan Aan
|
0-0: Ball 1-0: Called Strike 1-1: Ball 2-1: 2-RUN HOME RUN (Flyball, 7LD, EV 98.1 MPH), Distance : 384 ft
|
Batting: SHB Ray Skogen
|
0-0: Called Strike 0-1: Called Strike 0-2: Strikes out swinging
|
Top of the 6th over - 5 runs, 2 hits, 0 errors, 0 left on base; Victoria 6 - Palm Beach 5 |
BOTTOM OF THE 6TH |
Palm Beach Nationals batting - Pitching for Victoria Capitals : RHP Frank Cabrera
|
Batting: RHB Justin Davenport
|
0-0: Foul Ball, location: 2F 0-1: Ball 1-1: SINGLE (Line Drive, 6D, EV 100.6 MPH)
|
Batting: RHB Jelexiz Cuenca
|
0-0: Ball 1-0: Ball 2-0: Foul Ball, location: 2F 2-1: Grounds into double play, 3-6-3 (Groundball, 3, EV 93.1 MPH)
|
Pinch Hitting: RHB Chad Madsen
|
0-0: Called Strike 0-1: Ball 1-1: Swinging Strike 1-2: Fly out, F8 (Flyball, 89D, EV 94.4 MPH)
|
Bottom of the 6th over - 0 runs, 1 hit, 0 errors, 0 left on base; Victoria 6 - Palm Beach 5 |
TOP OF THE 7TH |
Victoria Capitals batting - Pitching for Palm Beach Nationals : LHP Johnny Busse
|
Now in CF: Chad Madsen
|
|
Batting: RHB David Greene
|
0-0: Foul Ball, location: 2F 0-1: Ground out 5-3 (Groundball, 5S, EV 67.5 MPH)
|
Batting: RHB Heihachiro Fujita
|
0-0: Ball 1-0: Ball 2-0: SOLO HOME RUN (Line Drive, 89XD, EV 108.8 MPH), Distance : 425 ft
|
Batting: RHB Tomokazu Sugimoto
|
0-0: Foul Ball, location: 2F 0-1: Ball 1-1: Foul Ball, location: 2F 1-2: Fly out, F8 (Line Drive, 8LM, EV 92.5 MPH)
|
Pitching: RHP Kiyonaga Nakamura
|
|
Batting: SHB Carlos Luna
|
0-0: Ball 1-0: SINGLE (Groundball, 4MD, EV 97.5 MPH)
|
Batting: RHB Nick Edmunds
|
0-0: Called Strike 0-1: Called Strike Carlos Luna steals 2nd base 0-2: Foul Ball, location: 2F 0-2: Ball 1-2: Ball 2-2: Ball 3-2: Base on Balls
|
Batting: LHB Taki Matsui
|
0-0: Swinging Strike 0-1: Foul Ball, location: 2F 0-2: Fly out, F8 (Line Drive, 8RM, EV 96.2 MPH)
|
Top of the 7th over - 1 run, 2 hits, 0 errors, 2 left on base; Victoria 7 - Palm Beach 5 |
BOTTOM OF THE 7TH |
Palm Beach Nationals batting - Pitching for Victoria Capitals : RHP Frank Cabrera
|
Pitching: RHP Aaron Black
|
|
Batting: RHB Bobby Bricker
|
0-0: Swinging Strike 0-1: Called Strike 0-2: Strikes out swinging
|
Batting: RHB Victor Cintron
|
0-0: Called Strike 0-1: Swinging Strike 0-2: Ball 1-2: Foul Ball, location: 2F 1-2: Foul Ball, location: 2F 1-2: Ball 2-2: Ground out 4-3 (Groundball, 4, EV 85.6 MPH)
|
Batting: RHB Steve Bauman
|
0-0: Ball 1-0: Swinging Strike 1-1: Called Strike 1-2: Fly out, F5 (Line Drive, 5, EV 64.4 MPH)
|
Bottom of the 7th over - 0 runs, 0 hits, 0 errors, 0 left on base; Victoria 7 - Palm Beach 5 |
TOP OF THE 8TH |
Victoria Capitals batting - Pitching for Palm Beach Nationals : RHP Kiyonaga Nakamura
|
Batting: RHB Jesus Santiago
|
0-0: Swinging Strike 0-1: Ball 1-1: Swinging Strike 1-2: Ball 2-2: Foul Ball, location: 2F 2-2: Ball 3-2: Foul Ball, location: 2F 3-2: Strikes out swinging
|
Batting: RHB Jung-wan Aan
|
0-0: Ball 1-0: Foul Ball, location: 2F 1-1: Ball 2-1: Ball 3-1: Ground out 6-3 (Groundball, 6, EV 91.2 MPH)
|
Batting: SHB Ray Skogen
|
0-0: Ball 1-0: Ball 2-0: Ball 3-0: Base on Balls
|
Batting: RHB David Greene
|
Balk! Ray Skogen to second 0-0: Ball 1-0: Called Strike 1-1: Called Strike 1-2: Ground out 6-3 (Groundball, 6, EV 83.8 MPH)
|
Top of the 8th over - 0 runs, 0 hits, 0 errors, 1 left on base; Victoria 7 - Palm Beach 5 |
BOTTOM OF THE 8TH |
Palm Beach Nationals batting - Pitching for Victoria Capitals : RHP Aaron Black
|
Pitching: LHP Chris Wheeler
|
|
Batting: RHB Gabe Almazan
|
0-0: Ball 1-0: Ball 2-0: Called Strike 2-1: Swinging Strike 2-2: Fly out, F8 (Line Drive, 8LM, EV 91.9 MPH)
|
Batting: RHB Lamar Thornton
|
0-0: Ball 1-0: Ball 2-0: Ball 3-0: Called Strike 3-1: Foul Ball, location: 2F 3-2: Base on Balls
|
Batting: RHB Antonio Vallez
|
0-0: Ball 1-0: SINGLE (Groundball, 6MD, EV 105.6 MPH) Lamar Thornton to second
|
Pitching: RHP Kieran Easton
|
|
Pinch Hitting: LHB Vince McLane
|
0-0: Ball 1-0: Ball 2-0: Ball 3-0: Base on Balls Lamar Thornton to third Antonio Vallez to second
|
Pinch Hitting: SHB Curtis DeLille
|
0-0: Ball 1-0: Fly out, F8 (Flyball, 78D, EV 91.9 MPH) Runner from 3rd tags up, SCORES, throw by CF Antonio Vallez to third
|
Batting: RHB Chad Madsen
|
0-0: Ball 1-0: Called Strike 1-1: Foul Ball, location: 2F 1-2: Fly out, F8 (Flyball, 8RD, EV 78.1 MPH)
|
Bottom of the 8th over - 1 run, 1 hit, 0 errors, 2 left on base; Victoria 7 - Palm Beach 6 |
TOP OF THE 9TH |
Victoria Capitals batting - Pitching for Palm Beach Nationals : RHP Kiyonaga Nakamura
|
Now at C: Curtis DeLille
|
|
Now in LF: Vince McLane
|
|
Batting: RHB Heihachiro Fujita
|
0-0: Ball 1-0: Fly out, F8 (Flyball, 8RM, EV 84.4 MPH)
|
Batting: RHB Tomokazu Sugimoto
|
0-0: Ball 1-0: Ball 2-0: Ball 3-0: Base on Balls
|
Batting: SHB Carlos Luna
|
0-0: Called Strike Tomokazu Sugimoto steals 2nd base 0-1: Foul Ball, location: 2F 0-2: Foul Ball, location: 2F 0-2: SINGLE (Flyball, 56D, EV 99.4 MPH) Tomokazu Sugimoto to third
|
Batting: RHB Nick Edmunds
|
0-0: Ball 1-0: Ball 2-0: SINGLE (Groundball, 4, EV 99.4 MPH) Tomokazu Sugimoto scores Carlos Luna to second Runner from 2nd tries for 3rd, SAFE, throw by CF made to third
|
Batting: LHB Taki Matsui
|
0-0: Ball Nick Edmunds steals 2nd base 1-0: Intentional Walk
|
Batting: RHB Jesus Santiago
|
0-0: Foul Ball, location: 2F 0-1: Fly out, F7 (Flyball, 78S, EV 92.5 MPH)
|
Batting: RHB Jung-wan Aan
|
0-0: Ball 1-0: Called Strike 1-1: DOUBLE (Flyball, 8RXD, EV 100.0 MPH) Carlos Luna scores Nick Edmunds scores Taki Matsui to third
|
Batting: SHB Ray Skogen
|
0-0: Ball 1-0: Ball 2-0: Ball 3-0: Foul Ball, location: 2F 3-1: Fly out, F7 (Flyball, 7LS, EV 75.6 MPH)
|
Top of the 9th over - 3 runs, 3 hits, 0 errors, 2 left on base; Victoria 10 - Palm Beach 6 |
BOTTOM OF THE 9TH |
Palm Beach Nationals batting - Pitching for Victoria Capitals : RHP Kieran Easton
|
Batting: RHB Bobby Bricker
|
0-0: Swinging Strike 0-1: Foul Ball, location: 2F 0-2: Fly out, F6 (Line Drive, 6, EV 66.9 MPH)
|
Batting: RHB Victor Cintron
|
0-0: Ball 1-0: Ball 2-0: Ball 3-0: Called Strike 3-1: Foul Ball, location: 2F 3-2: Base on Balls
|
Batting: RHB Steve Bauman
|
0-0: Ball 1-0: Foul Ball, location: 2F 1-1: Foul Ball, location: 2F 1-2: Strikes out swinging
|
Batting: RHB Gabe Almazan
|
0-0: Called Strike 0-1: Ball 1-1: Ball 2-1: Ball 3-1: Base on Balls Victor Cintron to second
|
Batting: RHB Lamar Thornton
|
0-0: Called Strike 0-1: Ball 1-1: Foul Ball, location: 2F 1-2: Ball 2-2: Strikes out looking
|
Bottom of the 9th over - 0 runs, 0 hits, 0 errors, 2 left on base; Victoria 10 - Palm Beach 6 |
|